 Dungeon Crawl Stone Soup version 0.28-a0-803-g74956062c1 (webtiles) character file.

Game seed: 7222674739304243091

43 BlueGoblin the Magician (level 3, -3/25 HPs)
             Began as a Djinni Ice Elementalist on Nov 7, 2021.
             Killed by nerve-wracking pain
             ... invoked by Jessica
              (8 damage)
             ... on level 2 of the Dungeon.
             The game lasted 00:02:12 (1948 turns).

BlueGoblin the Magician (Djinni Ice Elementalist)   Turns: 1948, Time: 00:02:13

Health: -3/25      AC:  2    Str:  7    XL:     3   Next: 82%
Gold:   12         EV: 12    Int: 17    God:
                   SH:  0    Dex: 13

rFire   + + .      SeeInvis .   d - +1 short sword (drain)
rCold   x . .      Faith    .   (no shield)
rNeg    . . .      Spirit   .   a - +0 robe
rPois   ∞          Reflect  .   (no helmet)
rElec   .          Harm     .   (no cloak)
rCorr   .          Rampage  .   (no gloves)
Will    .....                   (boots unavailable)
Stlth   ++........              (no amulet)
HPRegen 0.08/turn               (no ring)
MPRegen 0.00/turn               (no ring)

@: flying, very slightly contaminated
A: sickness immunity, fire resistance 2, cold vulnerability 1, float, innate
caster, hp casting, extra vitality 1
a: no special abilities


You were on level 2 of the Dungeon.
You visited 1 branch of the dungeon, and saw 2 of its levels.

You collected 12 gold pieces.

Inventory:

Hand Weapons
 d - a +1 short sword of draining (weapon)
Armour
 a - a +0 robe (worn)
Scrolls
 c - 2 scrolls of identify {unknown}
Potions
 b - a potion of curing {unknown}


   Skills:
 + Level 2.3 Dodging
 - Level 1.5 Stealth
 + Level 4.1 Spellcasting


You couldn't memorise any spells.
You knew the following spells:

 Your Spells              Type           Power      Damage    Failure   Level
a - Freeze                Ice            68%        1d8       2%          1
b - Frozen Ramparts       Ice            34%        1d5       9%          3
c - Ozocubu's Armour      Ice            17%        N/A       9%          3
d - Hailstorm             Conj/Ice       17%        3d6       28%         4
e - Summon Small Mammal   Summ           68%        N/A       2%          1
Your spell library was empty.

Dungeon Overview and Level Annotations

Branches:
Dungeon (2/15)

Altars:

Annotations:
D:2 Jessica


Innate Abilities, Weirdness & Mutations

You are immune to sickness and miasma.
You are immune to poison.
Your flesh is very heat resistant. (rF++)
You are vulnerable to cold. (rC-)
You float through the air rather than walking.
You learn spells naturally, not from books.
Your magical power is your life essence.
You have superior vitality. (+4 HP)


Message History

The ball python grabs you. The ball python constricts you.
You miscast Freeze.
You are very lightly contaminated with residual magic.
Nothing appears to happen.
The giant cockroach bites you but does no damage.
The ball python closely misses you. The ball python constricts you.
Jessica barely misses you.
You freeze the ball python.
You kill the ball python!
The giant cockroach bites you but does no damage.
Jessica points at you and mumbles some strange words.
Pain shoots through your body!
You are too injured to fight recklessly!
You are too injured to fight recklessly!
Unknown command.
Aiming: Freeze (safe; 2% risk of failure)
Press: ? - help, Q - select action, (/) - cycle Shift-Dir - straight line, f - Jessica
Aim: Jessica, wielding a +0 dagger and wearing a +0 robe You freeze Jessica.
Jessica is severely wounded.
The giant cockroach barely misses you.
Jessica drinks a potion.
Jessica is healed!
Aiming: Freeze (safe; 2% risk of failure)
Press: ? - help, Q - select action, (/) - cycle Shift-Dir - straight line, f/p - Jessica
Aim: Jessica, wielding a +0 dagger and wearing a +0 robe You freeze Jessica.
Jessica is moderately wounded.
The giant cockroach barely misses you. The giant cockroach closely misses you.
Jessica hits you with a +0 dagger.
* * * LOW HITPOINT WARNING * * *
Aiming: Freeze (safe; 2% risk of failure)
Press: ? - help, Q - select action, (/) - cycle Shift-Dir - straight line, f/p - Jessica
Aim: Jessica, wielding a +0 dagger and wearing a +0 robe (moderately wounded)
You freeze Jessica.
Jessica is severely wounded.
* * * LOW HITPOINT WARNING * * *
The giant cockroach bites you but does no damage.
Jessica points at you and mumbles some strange words.
Pain shoots through your body!
You die...

...# ...##
.... ..# #.#
##.### #
#....###.#.#
#+
##.##..@....#
#.
#...##@##.###
#.##.###B.†#
##
##.#....###...
#.###....####
...#
#.#........#
#!.#
##..#....###
..#
#.........B#
..#
##.....##.##
### #.#.#...##
..##..#


You could see Jessica and a giant cockroach.

Vanquished Creatures
  An adder (D:2)
  A worm (D:2)
  A dart slug (D:1)
  3 endoplasms
  A giant cockroach (D:2)
  3 goblins
  3 hobgoblins (D:1)
  2 jackals (D:1)
  2 kobolds (D:1)
  2 quokkas (D:1)
  3 ball pythons
  A rat (D:1)
23 creatures vanquished.

Vanquished Creatures (collateral kills)
  A giant cockroach (D:1)
  A rat (D:1)
2 creatures vanquished.

Grand Total: 25 creatures vanquished

Notes
Turn   | Place    | Note
-------+----------+-------------------------------------------
     0 | D:1      | BlueGoblin the Djinni Ice Elementalist began the quest for
                  | the Orb.
     0 | D:1      | Reached XP level 1. HP: 15/15 MP: 0/0
   194 | D:1      | Reached XP level 2. HP: 12/21 MP: 0/0
   437 | D:1      | Found Ilucaollya's Distillery.
   892 | D:1      | Reached XP level 3. HP: 16/25 MP: 0/0
   892 | D:1      | Learned a level 1 spell: Summon Small Mammal
  1565 | D:2      | Reached skill level 4 in Spellcasting
  1939 | D:2      | Noticed Jessica
  1948 | D:2      | Killed from afar by Jessica

Illustrated notes

Levels and vault maps discovered:
D:1:      doesnt_arrival_eight_statues, layout_basic, serial_shops,
          nicolae_shop_trees
D:2:      layout_loops_corners, minmay_worlds_worst_comb, uniq_sigmund,
          uniq_jessica

Skill      XL: |  1  2  3 |
---------------+----------+-----
Spellcasting   | 4 |  4.1
Dodging        | |  2.3
Stealth        | |  1.5

Action                   || total
-------------------------++-------
Melee: Short sword       ||     8
 Cast: Freeze            ||    45
       Summon Small Mamm ||     7
  Use: Scroll            ||     2
Armor: Robe              ||    11
Dodge: Dodged            ||    27

Table legend: (Time is in decaauts)
 A = Elapsed time spent in this place.
 B = Non-inter-level travel time spent in this place.
 C = Inter-level travel time spent in this place.
 D = Time resting spent in this place.
 E = Time spent auto-exploring this place.
 F = Levels seen in this place.
 G = Mean time per level.
                   A        B        C        D        E       F      G
               +--------+--------+--------+--------+--------+-----+--------+
         Total |   1948 |   1922 |     26 |    403 |   1311 |   2 |  974.0 |
       Dungeon |   1948 |   1922 |     26 |    403 |   1311 |   2 |  974.0 |
               +--------+--------+--------+--------+--------+-----+--------+

Top non-repeatable levels by time:
     D:1: 1352 daAuts
     D:2: 595 daAuts
